 Dungeon Crawl Stone Soup version 0.31-a0-180-g519b7de00c (webtiles) character file.

Game seed: 5017919545559930383

933 qw the Shooter (level 8, -2/69 (72) HPs)
             Began as a Naga Hunter on June 20, 2023.
             Was a Follower of Okawaru.
             Slain by a wight
             ... wielding a +0 vampiric great sword
              (17 damage)
             ... on level 6 of the Dungeon.
             The game lasted 00:01:37 (4208 turns).

qw the Shooter (Naga Hunter)                        Turns: 4208, Time: 00:01:37

HP:   -2/69 (72)    AC:  5    Str: 13    XL:     8   Next: 11%
MP:   8/10          EV: 13    Int: 11    God:    Okawaru [*.....]
Gold: 260           SH:  5    Dex: 16    Spells: 7/7 levels left

rFire   + . .        Y - +1 shortbow
rCold   . . .        (shield currently unavailable)
rNeg    . . .        g - +1 robe {rF+}
rPois   +            (no helmet)
rElec   .            (no cloak)
rCorr   .            (no gloves)
SInv    +            (no barding)
Will    +....        d - amulet of reflection
Stlth   +++          (no ring)
HPRegen 0.31/turn    (no ring)
MPRegen 0.12/turn

%: reflection
@: about to teleport, heroic, lightly drained, very slow
A: AC +2, large, see invisible, deformed body, poison resistance, slowness 2,
spit poison 1, naga tail 1
a: Spit Poison, Renounce Religion, Heroism


You were on level 6 of the Dungeon.
You worshipped Okawaru.
Okawaru was aware of your devotion.
You visited 1 branch of the dungeon, and saw 6 of its levels.
You also visited: Sewer.

You collected 260 gold pieces.


Innate Abilities, Weirdness & Mutations

Your serpentine skin is tough. (AC +2)
You have supernaturally acute eyesight. (SInv)
Armour fits poorly on your strangely shaped body.
Your system is resistant to poisons. (rPois)
You cover ground very slowly.
You can spit poison.
You have a snake-like lower body.


   Skills:
 - Level 4.0(9.0) Fighting
 + Level 7.8(12.8) Ranged Weapons
 - Level 2.1(7.1) Dodging
 - Level 1.5(6.5) Stealth
 + Level 3.1 Invocations


You had 7 spell levels left.
You didn't know any spells.
Your spell library was empty.

Inventory:

Hand Weapons
 Y - a +1 shortbow (weapon)
Armour
 g - a +1 robe of fire resistance (worn)
Jewellery
 d - an amulet of reflection (around neck)
Scrolls
 a - a scroll of enchant armour {unknown}
 h - 2 scrolls of identify
Potions
 c - 2 potions of might
 f - a potion of heal wounds
 i - 2 potions of curing
 j - a potion of lignification {unknown}

Dungeon Overview and Level Annotations

Branches:
Dungeon (6/15)             Temple (0/1) D:4           Sewer (visited)

Altars:
Cheibriados
Dithmenos
Okawaru
Sif Muna
Trog
Uskayaw
Yredelemnul
The Shining One

Shops:
D:1 ?   D:6 :


Message History

You shoot an arrow. The arrow completely misses the wight.
The arrow hits the black bear!
The black bear is severely wounded.
You block the wight's attack. The wight closely misses you.
You shoot an arrow. The arrow hits the wight.
The wight is moderately damaged.
The wight misses you.
You shoot an arrow. The arrow barely misses the wight.
The arrow hits the black bear!
The black bear is almost dead.
You shoot an arrow.
The arrow hits the wight but does no damage.
The wight barely misses you.
The black bear goes berserk!
You block the wight's attack.
You shoot an arrow. The arrow closely misses the wight.
The arrow hits the black bear!
You kill the black bear!
Okawaru accepts your kill. The wight barely misses you.
The wight hits you with a +1 dire flail!
The wight hits you from afar with a +5 trident!
You feel drained.
Your life force feels restored.
Your Invocations skill increases to level 3!
You shoot an arrow. The arrow hits the wight.
The wight is lightly damaged.
You block the wight's attack. The wight closely misses you.
You block the wight's attack.
You shoot an arrow.
The arrow hits the wight but does no damage.
The wight is lightly damaged.
The wight closely misses you.
The wight hits you with a +1 dire flail!
You feel drained.
The wight hits you from afar with a +5 trident!
4208 ||| READING scroll of teleportation.
As you read the scroll of teleportation, it crumbles to dust.
You feel strangely unstable.
The wight hits you with a +0 vampiric great sword!
You die...

#.#
#...<.#!##?##.##
#.#
#.....#.......#
#.#
############)####
##.## #.. #.#
##...## #.# # #.#
#.###.###.# ##.#
#.# #.# #.....#
..... ..#
#.###.###z#z..#.#
### ##...##
#@zz....# #####
###...### #### ##
#. #. ##. #.. #..
#..


You could see 4 wights.

Vanquished Creatures
  2 black bears (D:6)
  An ogre (D:6)
  A wight (D:6)
  2 howler monkeys
  A hound (D:5)
  2 jellies (D:6)
  2 iguanas
  5 orc wizards
  A hell rat (Sewer)
  7 gnolls (D:5)
  3 adders
  3 river rats (Sewer)
  A shadow imp (D:6)
  A white imp (D:6)
  An ufetubus (D:5)
  7 worms
  A dart slug (D:2)
  14 orcs
  A bat (D:3)
  6 endoplasms
  2 giant cockroaches (D:1)
  3 goblins
  6 hobgoblins
  2 jackals (D:2)
  9 kobolds
  4 quokkas
  2 ball pythons
  2 frilled lizards
  5 rats
97 creatures vanquished.

Notes
Turn   | Place    | Note
-------+----------+-------------------------------------------
     0 | D:1      | qw the Naga Hunter began the quest for the Orb.
     0 | D:1      | Reached XP level 1. HP: 19/19 MP: 1/1
     0 | D:1      | 0 ||| qw: Version: 0.3-a-9-g12657ce
     0 | D:1      | 0 ||| qw: Game counter: 1158
     0 | D:1      | 0 ||| qw: Always use a shield: true
     0 | D:1      | 0 ||| qw: God list: Okawaru
     0 | D:1      | 0 ||| qw: Allow faded altars: false
     0 | D:1      | 0 ||| qw: Do Orc after D:15 true
     0 | D:1      | 0 ||| qw: Do second Lair branch before Depths: true
     0 | D:1      | 0 ||| qw: Lair rune preference: random
     0 | D:1      | 0 ||| qw: Plans: Normal
     0 | D:1      | 0 ||| PLANNING D:1-11
    21 | D:1      | 21 ||| INVOKING Spit Poison.
    25 | D:1      | 25 ||| INVOKING Spit Poison.
    30 | D:1      | 30 ||| INVOKING Spit Poison.
    56 | D:1      | 56 ||| INVOKING Spit Poison.
    65 | D:1      | 65 ||| INVOKING Spit Poison.
    83 | D:1      | Found Bepluzi's Magic Scroll Shop.
    87 | D:1      | 87 ||| SHOPLISTING scroll of enchant armour (97 gold, have
                  | 12).
    87 | D:1      | 87 ||| SHOPLISTING scroll of identify (26 gold, have 12).
    87 | D:1      | 87 ||| SHOPLISTING scroll of teleportation (39 gold, have
                  | 12).
   136 | D:1      | Reached skill level 4 in Ranged Weapons
   136 | D:1      | Reached XP level 2. HP: 26/26 MP: 2/2
   148 | D:1      | 148 ||| INVOKING Spit Poison.
   377 | D:1      | 377 ||| UPGRADING to amulet of reflection.
   382 | D:1      | 382 ||| DROPPING scroll of butterflies.
   434 | D:2      | 434 ||| INVOKING Spit Poison.
   438 | D:2      | 438 ||| INVOKING Spit Poison.
   498 | D:2      | 498 ||| FLEEEEING.
   505 | D:2      | 505 ||| INVOKING Spit Poison.
   539 | D:2      | 539 ||| INVOKING Spit Poison.
   599 | D:2      | 599 ||| INVOKING Spit Poison.
   601 | D:2      | Reached XP level 3. HP: 32/32 MP: 3/3
   630 | D:2      | 630 ||| INVOKING Spit Poison.
   639 | D:2      | 639 ||| INVOKING Spit Poison.
   642 | D:2      | 642 ||| INVOKING Spit Poison.
   732 | D:2      | 732 ||| INVOKING Spit Poison.
   742 | D:2      | 742 ||| INVOKING Spit Poison.
   747 | D:2      | 747 ||| INVOKING Spit Poison.
   841 | D:2      | 841 ||| INVOKING Spit Poison.
   869 | D:2      | Found a basalt altar of Yredelemnul.
  1017 | D:2      | 1017 ||| READING scroll labelled HIRIFE NAPT.
  1018 | D:2      | 1018 ||| READING scroll labelled GOEFILUCSA.
  1022 | D:2      | 1022 ||| READING scroll labelled POUSOO HIACLI.
  1023 | D:2      | 1023 ||| READING scroll labelled SITI TYFUOGHE.
  1024 | D:2      | 1024 ||| DRINKING 2 fuming cyan potions.
  1025 | D:2      | 1025 ||| DRINKING 2 yellow potions.
  1063 | D:3      | 1063 ||| INVOKING Spit Poison.
  1066 | D:3      | 1066 ||| INVOKING Spit Poison.
  1070 | D:3      | 1070 ||| INVOKING Spit Poison.
  1239 | D:3      | Found a snail-covered altar of Cheibriados.
  1240 | D:3      | 1240 ||| INVOKING Spit Poison.
  1243 | D:3      | Reached skill level 5 in Ranged Weapons
  1243 | D:3      | Reached XP level 4. HP: 39/39 MP: 4/4
  1422 | D:3      | Found an iron altar of Okawaru.
  1423 | D:3      | 1423 ||| PLANNING OKAWARU WORSHIP
  1432 | D:3      | 1432 ||| INVOKING Spit Poison.
  1433 | D:3      | 1433 ||| READING scroll labelled UTWURO DEARIMP.
  1434 | D:3      | Became a worshipper of Warmaster Okawaru
  1435 | D:3      | 1435 ||| PLANNING D:1-11
  1444 | D:3      | 1444 ||| INVOKING Spit Poison.
  1447 | D:3      | 1447 ||| INVOKING Spit Poison.
  1536 | D:3      | 1536 ||| INVOKING Spit Poison.
  1542 | D:3      | 1542 ||| INVOKING Spit Poison.
  1575 | D:3      | 1575 ||| INVOKING Spit Poison.
  1581 | D:3      | 1581 ||| INVOKING Spit Poison.
  1593 | D:3      | 1593 ||| INVOKING Spit Poison.
  1596 | D:3      | 1596 ||| INVOKING Spit Poison.
  1823 | D:3      | 1823 ||| UPGRADING to +1 robe of fire resistance.
  1833 | D:3      | 1833 ||| DROPPING +0 leather armour.
  1855 | D:4      | 1855 ||| PLANNING SEWER
  1859 | D:4      | 1859 ||| INVOKING Spit Poison.
  1901 | D:4      | 1901 ||| INVOKING Spit Poison.
  1905 | D:4      | 1905 ||| INVOKING Spit Poison.
  1908 | D:4      | Reached skill level 3 in Fighting
  1911 | D:4      | 1911 ||| INVOKING Spit Poison.
  1914 | D:4      | 1914 ||| DRINKING 2 potions of curing.
  1914 | D:4      | 1914 ||| (to cure confusion)
  1915 | D:4      | 1915 ||| INVOKING Spit Poison.
  1918 | D:4      | 1918 ||| INVOKING Spit Poison.
  1919 | D:4      | Reached XP level 5. HP: 24/49 MP: 5/5
  2069 | D:4      | Found a bloodstained altar of Trog.
  2072 | D:4      | Found a shimmering blue altar of Sif Muna.
  2076 | D:4      | Found a hide-covered altar of Uskayaw.
  2108 | D:4      | Found a staircase to the Ecumenical Temple.
  2128 | D:4      | 2128 ||| INVOKING Spit Poison.
  2223 | D:4      | Found a glowing drain.
  2224 | D:4      | 2224 ||| READING scroll labelled XEAGGA QUTHRA.
  2225 | D:4      | 2225 ||| DRINKING 2 lumpy purple potions.
  2226 | D:4      | 2226 ||| DROPPING potion of attraction.
  2228 | D:4      | 2228 ||| INVOKING Spit Poison.
  2235 | D:4      | 2235 ||| INVOKING Spit Poison.
  2239 | D:4      | 2239 ||| INVOKING Spit Poison.
  2242 | D:4      | 2242 ||| INVOKING Spit Poison.
  2366 | Sewer    | Entered a sewer
  2367 | Sewer    | 2367 ||| INVOKING Spit Poison.
  2371 | Sewer    | 2371 ||| INVOKING Spit Poison.
  2378 | Sewer    | 2378 ||| INVOKING Spit Poison.
  2393 | Sewer    | 2393 ||| INVOKING Spit Poison.
  2405 | Sewer    | 2405 ||| INVOKING Spit Poison.
  2410 | Sewer    | 2410 ||| INVOKING Spit Poison.
  2445 | Sewer    | 2445 ||| READING 2 scrolls labelled RUN PORUEMOTAT.
  2446 | Sewer    | 2446 ||| DRINKING 3 brown potions.
  2454 | D:4      | 2454 ||| PLANNING D:1-11
  2633 | D:4      | Found a shadowy altar of Dithmenos.
  2705 | D:5      | Entered Level 5 of the Dungeon
  2732 | D:5      | 2732 ||| INVOKING Spit Poison.
  2735 | D:5      | 2735 ||| Stepping ~*~*~tactically~*~*~ (outnumbered).
  2736 | D:5      | 2736 ||| INVOKING Spit Poison.
  2793 | D:5      | 2793 ||| INVOKING Spit Poison.
  2795 | D:5      | Reached skill level 6 in Ranged Weapons
  2795 | D:5      | Reached XP level 6. HP: 56/56 MP: 6/6
  2798 | D:5      | 2798 ||| INVOKING Spit Poison.
  2857 | D:5      | 2857 ||| INVOKING Spit Poison.
  2862 | D:5      | 2862 ||| INVOKING Spit Poison.
  2865 | D:5      | 2865 ||| INVOKING Spit Poison.
  2871 | D:5      | 2871 ||| INVOKING Spit Poison.
  2885 | D:5      | 2885 ||| INVOKING Spit Poison.
  2889 | D:5      | 2889 ||| INVOKING Spit Poison.
  3057 | D:5      | 3057 ||| INVOKING Spit Poison.
  3112 | D:5      | 3112 ||| INVOKING Spit Poison.
  3134 | D:5      | 3134 ||| INVOKING Spit Poison.
  3215 | D:5      | 3215 ||| INVOKING Spit Poison.
  3352 | D:5      | 3352 ||| INVOKING Spit Poison.
  3355 | D:5      | 3355 ||| Stepping ~*~*~tactically~*~*~ (outnumbered).
  3356 | D:5      | 3356 ||| INVOKING Spit Poison.
  3360 | D:5      | 3360 ||| INVOKING Spit Poison.
  3363 | D:5      | 3363 ||| INVOKING Spit Poison.
  3368 | D:5      | 3368 ||| INVOKING Spit Poison.
  3372 | D:5      | Reached * piety under Okawaru
  3373 | D:5      | 3373 ||| INVOKING Heroism.
  3374 | D:5      | 3374 ||| INVOKING Heroism.
  3375 | D:5      | 3375 ||| INVOKING Spit Poison.
  3382 | D:5      | 3382 ||| INVOKING Spit Poison.
  3383 | D:5      | Reached XP level 7. HP: 53/64 MP: 4/7
  3425 | D:5      | 3425 ||| INVOKING Spit Poison.
  3428 | D:5      | 3428 ||| INVOKING Spit Poison.
  3565 | D:5      | Found a glowing golden altar of the Shining One.
  3566 | D:5      | 3566 ||| READING 3 scrolls of identify.
  3566 | D:5      | 3566 ||| IDENTIFYING murky grey potion
  3567 | D:5      | 3567 ||| READING 2 scrolls of identify.
  3567 | D:5      | 3567 ||| IDENTIFYING metallic pink potion
  3568 | D:5      | 3568 ||| DROPPING potion of brilliance.
  3569 | D:5      | 3569 ||| DROPPING potion of ambrosia.
  3597 | D:6      | 3597 ||| INVOKING Spit Poison.
  3600 | D:6      | Reached skill level 1 in Invocations
  3601 | D:6      | 3601 ||| INVOKING Heroism.
  3686 | D:6      | 3686 ||| INVOKING Heroism.
  3717 | D:6      | 3717 ||| INVOKING Spit Poison.
  3722 | D:6      | 3722 ||| DRINKING 2 potions of curing.
  3722 | D:6      | 3722 ||| (to cure confusion)
  3724 | D:6      | 3724 ||| INVOKING Spit Poison.
  3729 | D:6      | 3729 ||| INVOKING Spit Poison.
  3798 | D:6      | 3798 ||| INVOKING Spit Poison.
  3803 | D:6      | 3803 ||| INVOKING Spit Poison.
  3804 | D:6      | Reached skill level 7 in Ranged Weapons
  3810 | D:6      | 3810 ||| INVOKING Heroism.
  3811 | D:6      | 3811 ||| INVOKING Spit Poison.
  3815 | D:6      | 3815 ||| INVOKING Spit Poison.
  3864 | D:6      | 3864 ||| INVOKING Spit Poison.
  4010 | D:6      | 4010 ||| INVOKING Heroism.
  4145 | D:6      | Found Riopsal's Book Boutique.
  4147 | D:6      | 4147 ||| INVOKING Spit Poison.
  4152 | D:6      | Reached XP level 8. HP: 70/71 MP: 9/9
  4198 | D:6      | 4198 ||| INVOKING Heroism.
  4206 | D:6      | Reached skill level 3 in Invocations
  4207 | D:6      | HP: 14/69 [wight/+5 trident (14)]
  4208 | D:6      | 4208 ||| READING scroll of teleportation.
  4208 | D:6      | Slain by a wight

Levels and vault maps discovered:
D:1:      lightli_arrival_isolated_outpost, layout_rooms, serial_shops,
          nicolae_shop_back_alley_shop
D:2:      layout_basic, basic_altar
D:3:      layout_basic, mainiacjoe_overflow_six_doors_small, okawaru_trees_1,
          chequers_arboretum, serial_bayou_pond_d
D:4:      layout_cave_pools, nicolae_dithmenos_the_darkroom,
          grunt_temple_overflow_diamond, minmay_temple_entry_overgrown,
          cheibrodos_sewer_entry_bend
D:5:      layout_loops_cross, kennysheep_mini_moat
D:6:      layout_loops_cross, serial_shops, shop_fountains,
          minmay_misc_feat_columns

Skill      XL: |  1  2  3  4  5  6  7  8 |
---------------+-------------------------+-----
Ranged Weapons | 4 5 6 7 |  7.8
Fighting       | 3 4 |  4.0
Dodging        | 2 |  2.1
Invocations    | 2 3 |  3.1
Stealth        | |  1.5

Action                     |  1- 3 |  4- 6 |  7- 9 || total
---------------------------+-------+-------+-------++-------
   Fire: Shortbow          |    50 |   128 |    85 ||   263
 Invoke: Heroism           |       |     1 |     5 ||     6
Ability: Spit Poison       |    22 |    47 |    12 ||    81
    Use: Scroll            |     4 |     3 |     3 ||    10
         Potion            |     2 |     3 |     1 ||     6
 Armour: Leather armour    |     3 |     2 |       ||     5
         Robe              |       |    12 |     5 ||    17
  Dodge: Dodged            |     3 |    26 |    20 ||    49
  Block: Other             |     2 |    21 |    11 ||    34
         Reflection        |       |     1 |       ||     1

Table legend:
 A = Non-vault XP
 B = Vault XP
 C = Vault XP percentage of total XP
 D = Non-vault monster count
 E = Vault monster count
 F = Vault count percentage of total count
                 A         B        C        D         E       F
            +---------+---------+-------+---------+---------+-------
      Total |    1244 |      90 |   6.7 |      87 |      10 |  10.3
            +---------+---------+-------+---------+---------+-------
        D:1 |      18 |       0 |   0.0 |      10 |       0 |   0.0
        D:2 |      44 |       0 |   0.0 |      14 |       0 |   0.0
        D:3 |      48 |       0 |   0.0 |      14 |       0 |   0.0
        D:4 |      87 |      15 |  14.7 |      10 |       3 |  23.1
        D:5 |     349 |       0 |   0.0 |      24 |       0 |   0.0
        D:6 |     698 |       0 |   0.0 |      15 |       0 |   0.0
      Sewer |       0 |      75 | 100.0 |       0 |       7 | 100.0
            +---------+---------+-------+---------+---------+-------
